 Dungeon Crawl Stone Soup version 0.29-a0-251-g80730f7218 (webtiles) character file.

Game seed: 16889509734205093060

51 pokeman the Magician (level 3, -3/20 HPs)
             Began as a Deep Elf Hedge Wizard on Mar 5, 2022.
             Slain by Crazy Yiuf
             ... wielding a +3 quarterstaff of chaos
              (11 damage)
             ... on level 2 of the Dungeon.
             The game lasted 00:03:31 (2471 turns).

pokeman the Magician (Deep Elf Hedge Wizard)        Turns: 2471, Time: 00:03:31

Health: -3/20      AC:  5    Str:  7    XL:     3   Next: 58%
Magic:  4/11       EV: 12    Int: 20    God:
Gold:   152        SH:  0    Dex: 20    Spells: 1/12 levels left

rFire   . . .      SeeInvis +   a - +0 dagger
rCold   . . .      Faith    .   (no shield)
rNeg    . . .      Spirit   .   i - +0 leather armour
rPois   .          Reflect  .   p - +1 helmet
rElec   .          Harm     .   (no cloak)
rCorr   .          Rampage  .   (no gloves)
Will    .....                   (no boots)
Stlth   ++........              (no amulet)
HPRegen 0.06/turn               b - ring of see invisible
MPRegen 0.12/turn               l - +6 ring of dexterity

@: very slightly contaminated
A: no striking features
a: no special abilities


You were on level 2 of the Dungeon.
You visited 1 branch of the dungeon, and saw 2 of its levels.

You collected 152 gold pieces.

Inventory:

Hand Weapons
 a - a +0 dagger (weapon)
Armour
 i - a +0 leather armour (worn)
 p - a +1 helmet (worn)
Jewellery
 b - a ring of see invisible (left hand)
 l - a +6 ring of dexterity (right hand)
Scrolls
 c - a scroll of acquirement {unknown}
 e - a scroll of amnesia {unknown}
 h - 4 scrolls of identify {unknown}
 j - a scroll of blinking {unknown}
 k - 2 scrolls of teleportation {unknown}
 m - a scroll of fear {unknown}
 n - a scroll of holy word {unknown}
 o - a scroll of immolation {unknown}
Potions
 d - 2 potions of haste {unknown}
 f - a potion of curing {unknown}
 g - a potion of flight {unknown}


   Skills:
 + Level 0.9 Fighting
 + Level 0.9 Armour
 - Level 2.4 Dodging
 - Level 2.4 Stealth
 * Level 5.4 Spellcasting
 + Level 2.0 Conjurations
 - Level 1.1 Summonings
 - Level 1.1 Translocations


You had one spell level left.
You knew the following spells:

 Your Spells              Type           Power      Damage    Failure   Level
a - Magic Dart            Conj           52%        1d5       7%          1
b - Mephitic Cloud        Conj/Pois/Air  8%         N/A       36%         3
c - Call Imp              Summ           9%         N/A       16%         2
d - Blink                 Tloc           18%        N/A       16%         2
e - Conjure Flame         Conj/Fire      9%         6-21      32%         3

Your spell library contained the following spells:

 Spells                   Type           Power      Damage    Failure   Level
 Slow                     Hex            20%        N/A       16%         1
 Confusing Touch          Hex            5%         N/A       43%         3
 Yara's Violent Unravell  Hex/Tmut       2%         3d3       99%         5
 Enfeeble                 Hex            2%         N/A       100%        7


Dungeon Overview and Level Annotations

Branches:
Dungeon (2/15)

Altars:
Okawaru

Shops:
D:2 [

Annotations:
D:2 Crazy Yiuf


Message History

Crazy Yiuf shouts!
Found a stone staircase leading down.
Found Mesixae's Armour Shop.
Found an escape hatch in the ceiling.
Casting: Magic Dart (safe; 7% risk of failure)
Confirm with . or Enter, or press ? or * to list all spells.
You can't see any susceptible monsters within range! (Use Z to cast anyway.) Unknown command.
There is an entrance to Mesixae's Armour Shop here.
Unknown command.
Found 19 stones.
Found a stone staircase leading up.
You see here 19 stones.
You see here 19 stones.
There is a stone staircase leading up here.
There is a stone staircase leading up here.
Casting: Magic Dart (safe; 7% risk of failure)
Confirm with . or Enter, or press ? or * to list all spells.
A beastly little devil appears in a puff of flame.
Crazy Yiuf shouts!
You open the door.
You swap places.
Crazy Yiuf hits your crimson imp with a +3 quarterstaff of chaos!
Your crimson imp dies!
Your crimson imp disappears in a puff of smoke!
Casting: Call Imp (safe; 16% risk of failure)
Confirm with . or Enter, or press ? or * to list all spells.
The spell is potentially lethal to miscast (36% risk of failure)!
Continue anyway?
Aiming: Mephitic Cloud (potentially lethal; 36% risk of failure)
Press: ? - help, Shift-Dir - straight line, f - Crazy Yiuf
Aim: Crazy Yiuf, wielding a +3 quarterstaff of chaos and wearing a +0 cloak (black smoke, chance to affect: 86%)
You miscast Mephitic Cloud.
You are very lightly contaminated with residual magic.
You are caught in an explosion of electrical discharges!
Ouch! That really hurt!
Casting: Mephitic Cloud (potentially lethal; 36% risk of failure)
Confirm with . or Enter, or press ? or * to list all spells.
You miscast Blink.
Nothing appears to happen.
Crazy Yiuf hits you with a +3 quarterstaff of chaos!
Ouch! That really hurt!
You die...

##### ####.....# #)..#
##.8.∩<8..# #...# #..##.#...##
... ##.###8.....# ######### #'#
#...........# #.......# ♣.♣♣
#...........# #.......# ♣♣.♣
#......[....# #...#...# ♣g♣♣
#...........# ##...#...# ♣♣@♣
#.......#.#.## ....##...# ♣♣.♣♣
#............. #<..#....#
♣♣...♣ #.......#....#
...##....# ♣...♣♣
#......####..# ...#.....#
#....# #............#
####...###
#....###.......####.#
#....######..............####.#
#........###....####..##......#
#....###.# ####.# #...........


You could see Crazy Yiuf.

Vanquished Creatures
  3 dart slugs
  3 ball pythons (D:2)
  6 endoplasms
  A giant cockroach (D:2)
  5 goblins
  6 hobgoblins (D:1)
  5 jackals
  A quokka (D:1)
  2 bats (D:2)
  2 frilled lizards (D:1)
  2 kobolds
  3 rats
39 creatures vanquished.

Notes
Turn   | Place    | Note
-------+----------+-------------------------------------------
     0 | D:1      | pokeman the Deep Elf Hedge Wizard began the quest for the
                  | Orb.
     0 | D:1      | Reached XP level 1. HP: 10/10 MP: 7/7
   298 | D:1      | Reached XP level 2. HP: 16/16 MP: 2/9
  1042 | D:1      | Reached skill level 5 in Spellcasting
  1205 | D:1      | Reached XP level 3. HP: 20/20 MP: 5/11
  1209 | D:1      | Learned a level 3 spell: Mephitic Cloud
  1212 | D:1      | Learned a level 2 spell: Call Imp
  1215 | D:1      | Learned a level 2 spell: Blink
  1219 | D:1      | Learned a level 3 spell: Conjure Flame
  1742 | D:2      | Found a faded altar of an unknown god.
  2226 | D:2      | Found an iron altar of Okawaru.
  2340 | D:2      | Found a runed translucent door.
  2341 | D:2      | Noticed Crazy Yiuf
  2371 | D:2      | Found Mesixae's Armour Shop.
  2471 | D:2      | Slain by Crazy Yiuf

Illustrated notes

Levels and vault maps discovered:
D:1:      wander_arrival_lonely_grave, layout_basic, minmay_misc_feat_square,
          nrook_mini_backslash
D:2:      layout_basic, serial_shops, nicolae_shop_statue_plus, basic_altar,
          hellmonk_ecumenical_altar_zigzags, minmay_tetromino_l2,
          uniq_crazy_yiuf_cottage

Skill      XL: |  1  2  3 |
---------------+----------+-----
Spellcasting   | 5 |  5.4
Conjurations   | 2 |  2.0
Fighting       | |  0.9
Armour         | |  0.9
Dodging        | |  2.4
Stealth        | |  2.4
Summonings     | |  1.1
Translocations | |  1.1

Action                   || total
-------------------------++-------
Melee: Dagger            ||     5
 Cast: Magic Dart        ||   112
       Call Imp          ||     1
Armor: Robe              ||     1
       Leather armour    ||     1
Dodge: Dodged            ||    18

Table legend: (Time is in decaauts)
 A = Elapsed time spent in this place.
 B = Non-inter-level travel time spent in this place.
 C = Inter-level travel time spent in this place.
 D = Time resting spent in this place.
 E = Time spent auto-exploring this place.
 F = Levels seen in this place.
 G = Mean time per level.
                   A        B        C        D        E       F      G
               +--------+--------+--------+--------+--------+-----+--------+
         Total |   2469 |   2453 |     16 |    227 |   1945 |   2 | 1234.5 |
       Dungeon |   2469 |   2453 |     16 |    227 |   1945 |   2 | 1234.5 |
               +--------+--------+--------+--------+--------+-----+--------+

Top non-repeatable levels by time:
     D:1: 1564 daAuts
     D:2: 905 daAuts
